 Dungeon Crawl Stone Soup version 0.25.1-8-g42b30a86e7 (webtiles) character file.

Game seed: 10327253441272844840

360 KamiKatze the Sneak (level 6, -1/32 HPs)
             Began as a Spriggan Assassin on Dec 19, 2020.
             Slain by a mummy (12 damage)
             ... in an ossuary.
             The game lasted 00:21:14 (3424 turns).

KamiKatze the Sneak (Spriggan Assassin)             Turns: 3424, Time: 00:21:14

Health: -1/32      AC:  5    Str:  7    XL:     6   Next: 38%
Magic:  16/16      EV: 19    Int: 14    God:
Gold:   203        SH:  0    Dex: 18    Spells: 5/5 levels left

rFire    + . .     SeeInvis +   a - +1 dagger (elec)
rCold    . . .     Gourm    .   (shield restricted)
rNeg     . . .     Faith    .   x - +2 animal skin
rPois    .         Spirit   .   (helmet restricted)
rElec    .         Reflect  .   c - +0 cloak
rCorr    .         Harm     .   (gloves unavailable)
MR       +....                  (boots unavailable)
Stlth    ++++......             (no amulet)
HPRegen  0.10/turn              o - ring of magical power
MPRegen  0.15/turn              b - ring of protection from fire

@: very quick
A: very small, unfitting armour, see invisible, herbivore, speed 3, slow
metabolism 2
a: no special abilities


You were in an ossuary.
You were not hungry.

You visited 1 branch of the dungeon, and saw 4 of its levels.
You also visited: Ossuary.

You collected 203 gold pieces.

Inventory:

Hand Weapons
 a - a +1 dagger of electrocution (weapon)
 h - a cursed +0 spear
 k - a +0 short sword
 m - a +0 short sword of freezing
 w - a +2 dagger
Missiles
 d - 8 poisoned darts
 e - 2 curare-tipped darts
 i - 97 stones
 y - 2 boomerangs (quivered)
 A - 16 arrows
Armour
 c - a +0 cloak (worn)
 x - a +2 animal skin (worn)
Jewellery
 b - a ring of protection from fire (right hand)
 o - a ring of magical power (left hand)
Scrolls
 g - a scroll of magic mapping
 j - 3 scrolls of teleportation
 n - 3 scrolls of identify
 s - 2 scrolls of remove curse
 t - a scroll of immolation {unknown}
 u - a scroll of enchant armour {unknown}
 v - a scroll of fog {unknown}
 B - a scroll of random uselessness {unknown}
 D - 2 scrolls of blinking {unknown}
Potions
 l - 3 potions of degeneration {unknown}
 p - 2 potions of flight
 q - 3 potions of curing {unknown}
 r - a potion of invisibility {unknown}
 z - a potion of heal wounds
 C - a potion of mutation {unknown}
Comestibles
 f - 8 rations


   Skills:
 + Level 2.6 Fighting
 * Level 4.7 Short Blades
 + Level 3.2 Throwing
 + Level 3.9 Dodging
 + Level 7.2 Stealth


You had 5 spell levels left.
You didn't know any spells.
Your spell library contained the following spells:

 Spells                   Type           Power        Failure   Level  Hunger
 Beastly Appendage        Tmut           #.....       28%         1    ##.....
 Sticks to Snakes         Tmut           #.......     41%         2    ###....
 Spider Form              Tmut/Pois      #.........   65%         3    ####...
 Ice Form                 Ice/Tmut       #.......     96%         4    #####..
 Blade Hands              Tmut           #.........   100%        5    ######.


Dungeon Overview and Level Annotations

Branches:
Dungeon (4/15)             Temple (0/1) D:4         Ossuary (1/1)

Altars:


Innate Abilities, Weirdness & Mutations

You are very small and have problems with some larger weapons.
You are too small for most types of armour.
You have supernaturally acute eyesight. (SInv)
You are a herbivore.
You cover ground extremely quickly.
You need to consume almost no food.


Message History

You hit the mummy.
The mummy is moderately damaged.
You hit the mummy. Lightning courses through the mummy!
You destroy the mummy!
The mummy hits you!
* * * LOW HITPOINT WARNING * * *
There is an open door here.
The sentinel's mark upon you fades away.
Throwing (i - inventory. (/) - cycle)
y - 2 boomerangs (quivered)
Press: ? - help, Shift-Dir - straight line, f - mummy
Aim: a mummy You throw a boomerang.
The boomerang completely misses the mummy.
Throwing (i - inventory. (/) - cycle)
y - 2 boomerangs (quivered)
Press: ? - help, Shift-Dir - straight line, f/p - mummy
Aim: a mummy You throw a boomerang.
The boomerang hits the mummy.
The mummy is moderately damaged.
The mummy hits you!
You die...

#!!!# !M #...# !!!
#.# #...# #^# #.#
##.## #.# ###'###
#.### +.## ##.....##
##.'.#
#..###...^...###..###
+...#.......M.#...'.#
#...'....⌠.M..'...###
+...#.......@.#...'.#
#..###......^###..###
+.## ##.....## ##.'.#
#.# ###'### #.### #.#
#.# ##.## ??. ##.##
#...# .!! #.∩.# #...#
#### #.∩.# #####
#####


You could see 2 mummies.

Vanquished Creatures
  Sigmund (D:2)
  A human zombie (Ossuary)
  3 mummies (Ossuary)
  Robin (D:2)
  4 adders
  2 dart slugs
  2 leopard geckos
  7 orcs
  A ball python (D:3)
  3 giant cockroaches
  15 goblins
  6 hobgoblins
  8 jackals
  A quokka (D:3)
  7 bats (D:1)
  2 frilled lizards
  2 hobgoblin zombies (Ossuary)
  4 kobolds
  An orc zombie (Ossuary)
  7 rats
78 creatures vanquished.

Notes
Turn   | Place    | Note
-------+----------+-------------------------------------------
     0 | D:1      | KamiKatze the Spriggan Assassin began the quest for the
                  | Orb.
     0 | D:1      | Reached XP level 1. HP: 10/10 MP: 2/2
   351 | D:1      | Reached skill level 6 in Stealth
   355 | D:1      | Reached XP level 2. HP: 14/15 MP: 3/3
   892 | D:2      | Reached XP level 3. HP: 17/18 MP: 4/4
  1086 | D:2      | Noticed Sigmund
  1238 | D:2      | Killed Sigmund
  1238 | D:2      | Reached XP level 4. HP: 17/23 MP: 5/5
  1238 | D:2      | Reached XP level 5. HP: 21/27 MP: 6/6
  1719 | D:3      | Noticed Robin
  1817 | D:2      | Killed Robin
  2288 | D:3      | Reached skill level 7 in Stealth
  2853 | D:3      | Reached XP level 6. HP: 31/32 MP: 7/7
  3052 | D:4      | Found a sand-covered staircase.
  3198 | Ossuary  | Entered an ossuary
  3424 | Ossuary  | Slain by a mummy

Illustrated notes

Levels and vault maps discovered:
D:1:      wander_arrival_fairy_ring, layout_basic
D:2:      layout_basic, uniq_sigmund
D:3:      layout_loops_ring, first_ration, uniq_robin
D:4:      layout_rooms, minmay_temple_entry_waves,
          lightli_ossuary_entry_decrepit_ruins, minivault_5
Ossuary:  ossuary_crypta

Skill      XL: |  1  2  3  4  5 |
---------------+----------------+-----
Stealth        | 6 7 |  7.2
Dodging        | 2 3 |  3.9
Short Blades   | 4 |  4.7
Fighting       | 2 |  2.6
Throwing       | 3 |  3.2

Action                   |  1- 3 |  4- 6 || total
-------------------------+-------+-------++-------
Melee: Dagger            |    72 |   213 ||   285
Throw: Dart              |     9 |     4 ||    13
       Boomerang         |       |     5 ||     5
  Use: Scroll            |       |     5 ||     5
 Stab: Sleeping          |    11 |    10 ||    21
       Distracted        |       |     2 ||     2
Armor: Robe              |    15 |     4 ||    19
       Animal skin       |       |    15 ||    15
Dodge: Dodged            |    41 |   147 ||   188
